[Event "fics rated crazyhouse match"]
[Site "fics, Oklahoma City, OK USA"]
[Date "2000.12.05"]
[White "Bugzilla"]
[WhiteElo "2232"]
[Black "tantheman"]
[BlackElo "2302"]
[TimeControl "60+0"]
[Result "1-0"]

1. e3 e6 2. b3 b6 3. Bb2 Bb7 4. Nf3 Nf6 5. Be2 Be7 6. O-O 
O-O 7. c4 c5 8. d4 cxd4 9. exd4 Nc6 10. Ne5 d5 11. cxd5 exd5 
12. P@g5 Ne4 13. P@f4 Nxe5 14. dxe5 Nxf2 15. Rxf2 P@e3 16. Rf1 N@f2 17. Qc1 
P@d2 18. Nxd2 exd2 19. Qxd2 Ne4 20. Qd1 P@c3 21. Bc1 Bc5+ 22. P@d4 Bxd4+ 
23. Qxd4 P@b2 24. P@f6 bxa1=Q 25. fxg7 Qxc1 26. N@h6+ Kxg7 27. N@f5+ Kg6 28. P@h5# 
{tantheman checkmated} 1-0

[Event "fics rated crazyhouse match"]
[Site "fics, Oklahoma City, OK USA"]
[Date "2000.12.05"]
[White "tantheman"]
[WhiteElo "2292"]
[Black "Bugzilla"]
[BlackElo "2242"]
[TimeControl "60+0"]
[Result "1-0"]

1. e4 Nf6 2. Nc3 Nc6 3. Nf3 d5 4. exd5 Nxd5 5. d4 e6 6. Bd3 
Bb4 7. Bd2 P@a3 8. Nxd5 Bxd2+ 9. Qxd2 axb2 10. Rb1 exd5 11. Rxb2 N@e4 
12. Bxe4 dxe4 13. B@h4 P@f6 14. N@h5 Rg8 15. P@h6 exf3 16. Nxg7+ Kf8 17. gxf3 
Nxd4 18. P@g2 P@e2 19. P@e7+ Qxe7 20. Qxd4 B@c5 21. Bxf6 Bxd4 22. Bxe7+ Kxe7 
23. N@d5+ Kd6 24. Q@e7+ Kxd5 25. P@e4+ Kc6 26. P@d5# 
{Bugzilla checkmated} 1-0

[Event "fics rated crazyhouse match"]
[Site "fics, Oklahoma City, OK USA"]
[Date "2000.12.05"]
[White "tantheman"]
[WhiteElo "2306"]
[Black "Bugzilla"]
[BlackElo "2228"]
[TimeControl "60+0"]
[Result "0-1"]

1. e4 Nf6 2. Nc3 Nc6 3. Nf3 d5 4. exd5 Nxd5 5. d4 e6 6. Bd3 
Bb4 7. P@d2 P@a3 8. Nxd5 exd5 9. O-O axb2 10. Bxb2 P@e4 11. Qe2 O-O 
12. Bxe4 dxe4 13. Qxe4 B@d5 14. Qf4 N@e2+ 15. Kh1 Nxf4 16. N@e1 Bg4 17. P@e2 
Nxe2 18. P@h3 Bgxf3 19. gxf3 P@g2+ 20. Kxg2 N@f4+ 21. Kh1 Bxf3+ 22. P@g2 Bxg2+ 
23. Nxg2 Nxg2 24. B@f3 Nh4 25. B@g2 Nexd4 26. Bxd4 Nxd4 27. P@e2 Ndxf3 28. exf3 
Nxg2 29. N@g3 N@f4 30. Rg1 P@e2 31. Rae1 B@f1 32. Nxf1 exf1=Q 33. Rexf1 P@e2 
34. B@e3 exf1=Q 35. Rxf1 P@e2 36. Rg1 R@f1 37. N@g3 Rxg1+ 38. Kxg1 e1=Q+ 39. Nf1 
N@e2+ 40. Kh1 R@g1# 
{tantheman checkmated} 0-1

[Event "fics rated crazyhouse match"]
[Site "fics, Oklahoma City, OK USA"]
[Date "2000.12.05"]
[White "Bugzilla"]
[WhiteElo "2238"]
[Black "tantheman"]
[BlackElo "2296"]
[TimeControl "60+0"]
[Result "0-1"]

1. e4 e6 2. Nc3 b6 3. d4 Bb7 4. Nf3 Nf6 5. Bd3 Nc6 6. O-O 
Be7 7. e5 Nd5 8. Ne4 d6 9. Bg5 dxe5 10. dxe5 P@h6 11. Bxe7 Qxe7 
12. P@d6 cxd6 13. exd6 Qd7 14. P@a6 Bxa6 15. Bxa6 O-O 16. Bc4 P@f5 17. Bxd5 
exd5 18. N@f6+ Kh8 19. Nxd7 fxe4 20. Nh4 B@d4 21. Nf5 B@f6 22. Nxd4 Bxd4 
23. B@c3 Bxc3 24. bxc3 B@g5 25. B@d4 Nxd4 26. cxd4 B@f6 27. B@e5 N@f4 28. N@h5 
Nxh5 29. Qxh5 Bxe5 30. Qxg5 hxg5 31. dxe5 N@e2+ 32. Kh1 P@f3 
{Bugzilla forfeits on time} 0-1

[Event "fics rated crazyhouse match"]
[Site "fics, Oklahoma City, OK USA"]
[Date "2000.12.05"]
[White "tantheman"]
[WhiteElo "2303"]
[Black "Bugzilla"]
[BlackElo "2231"]
[TimeControl "60+0"]
[Result "1-0"]

1. e4 Nf6 2. Nc3 Nc6 3. Nf3 d5 4. exd5 Nxd5 5. d4 e6 6. Bd3 
Bb4 7. P@d2 Nf4 8. O-O P@h3 9. gxh3 Nxh3+ 10. Kh1 Nxd4 11. Nxd4 P@g2+ 
12. Kxg2 Qxd4 13. Kxh3 N@f4+ 14. Kg3 Bxc3 15. dxc3 N@h5+ 16. Kf3 Qd5+ 17. P@e4 
P@g4+ 18. Kxg4 f5+ 19. Kf3 fxe4+ 20. Ke3 Ng2+ 21. Ke2 Nhf4+ 22. Bxf4 Nxf4+ 
23. Ke1 Ng2+ 24. Kd2 exd3 25. cxd3 B@h6+ 26. P@e3 Nxe3 27. fxe3 Bxe3+ 28. Kc2 
B@a4+ 29. P@b3 P@f7 30. P@e4 Qg5 31. N@f3 Qg2+ 32. B@e2 Bad7 33. Ne5 P@f2 
34. Nxf7 Kxf7 35. N@e5# 
{Bugzilla forfeits on time} 1-0

[Event "fics rated crazyhouse match"]
[Site "fics, Oklahoma City, OK USA"]
[Date "2000.12.05"]
[White "Bugzilla"]
[WhiteElo "2225"]
[Black "tantheman"]
[BlackElo "2309"]
[TimeControl "60+0"]
[Result "1-0"]

1. e3 e6 2. Nf3 b6 3. Be2 Bb7 4. O-O f5 5. b3 Nf6 6. Bb2 
Be7 7. d3 O-O 8. Nbd2 c5 9. a4 d5 10. Ne5 Nbd7 11. f4 Bd6 
12. Qe1 Qc7 13. Ndf3 Ng4 14. Ng5 Ngxe5 15. Nxe6 Qb8 16. Nxf8 Qxf8 17. P@e6 
Ng4 18. exd7 Nxe3 19. N@h6+ gxh6 20. R@h8+ Kf7 21. Bh5+ P@g6 22. Qxe3 N@e4 
23. Rxf8+ Bxf8 24. dxe4 R@e6 25. N@h8+ Ke7 26. Q@f7+ Kd6 27. Be5+ Kc6 28. d8=Q 
Rxd8 29. Qc7# 
{tantheman checkmated} 1-0

[Event "fics rated crazyhouse match"]
[Site "fics, Oklahoma City, OK USA"]
[Date "2000.12.05"]
[White "tantheman"]
[WhiteElo "2299"]
[Black "Bugzilla"]
[BlackElo "2235"]
[TimeControl "60+0"]
[Result "1-0"]

1. e4 Nf6 2. Nc3 Nc6 3. Nf3 d5 4. e5 Ne4 5. d4 Bf5 6. Be2 
e6 7. O-O Nxc3 8. bxc3 N@e4 9. Bd2 Be7 10. N@h5 O-O 11. Bb5 Nxd2 
12. Qxd2 B@g5 13. Nxg5 Bxg5 14. B@e3 Bxe3 15. Qe1 Bg5 16. Bxc6 bxc6 17. N@f3 
B@g6 18. Nxg7 N@f4 19. Nxg5 Qxg5 20. P@g3 B@h3 21. Nxf5 Bgxf5 22. B@f6 Bxg2 
23. N@e7# 
{Bugzilla checkmated} 1-0

[Event "fics rated crazyhouse match"]
[Site "fics, Oklahoma City, OK USA"]
[Date "2000.12.05"]
[White "Bugzilla"]
[WhiteElo "2228"]
[Black "tantheman"]
[BlackElo "2306"]
[TimeControl "60+0"]
[Result "1-0"]

1. e4 d5 2. exd5 Nf6 3. Nc3 Nxd5 4. d4 e6 5. Nf3 Nc6 6. Bd3 
Bb4 7. Bd2 P@a3 8. Nxd5 Bxd2+ 9. Qxd2 axb2 10. Rd1 exd5 11. N@h5 B@h6 
12. P@g5 Qe7+ 13. B@e5 Nxe5 14. dxe5 P@c3 15. Qf4 B@c1 16. N@f6+ gxf6 17. Nxf6+ 
Kd8 18. Qd4 Bhxg5 19. Qxd5+ P@d6 20. P@g7 Re8 21. Nxe8 Qxe8 22. R@f8 Qxf8 
23. gxf8=Q+ N@e8 24. exd6 cxd6 25. Nxg5 Bd7 26. Q@e7+ Kc7 27. Qfxe8 Rxe8 28. Qxd6+ 
Kc8 29. N@b6+ axb6 30. Qxe8+ Bxe8 31. R@b8# 
{tantheman checkmated} 1-0

[Event "fics rated crazyhouse match"]
[Site "fics, Oklahoma City, OK USA"]
[Date "2000.12.05"]
[White "tantheman"]
[WhiteElo "2296"]
[Black "Bugzilla"]
[BlackElo "2238"]
[TimeControl "60+0"]
[Result "1-0"]

1. e4 Nf6 2. Nc3 Nc6 3. Nf3 e6 4. d4 Bb4 5. Bd3 d5 6. exd5 
exd5 7. Qe2+ P@e4 8. O-O O-O 9. P@h6 exf3 10. Qxf3 Nxd4 11. Qg3 N@f5 
12. Bxf5 Nxf5 13. hxg7 Nxg3 14. gxf8=Q+ Qxf8 15. fxg3 Bxc3 16. bxc3 N@e2+ 17. Kh1 
P@f2 18. N@h6+ Kh8 19. P@g7+ Qxg7 20. R@d8+ B@f8 21. Be3 P@h3 22. B@f3 P@e4 
23. N@e5 exf3 24. Nexf7+ Qxf7 25. Nxf7+ Kg7 26. Q@h6+ Kxf7 27. Rxf8+ Ke7 28. Qxf6+ 
Kd7 29. Rd8# 
{Bugzilla checkmated} 1-0

[Event "fics rated crazyhouse match"]
[Site "fics, Oklahoma City, OK USA"]
[Date "2000.12.05"]
[White "Bugzilla"]
[WhiteElo "2231"]
[Black "tantheman"]
[BlackElo "2303"]
[TimeControl "60+0"]
[Result "1-0"]

1. e4 e6 2. Nc3 Nc6 3. d4 Nf6 4. e5 Nd5 5. Nxd5 exd5 6. Nf3 
d6 7. Bb5 Bd7 8. O-O Be7 9. N@f4 O-O 10. Nxd5 dxe5 11. dxe5 Nxe5 
12. Nxe5 Bxb5 13. P@c4 Bc6 14. P@h6 Bxd5 15. cxd5 B@f6 16. N@g4 Bxe5 17. Nxe5 
N@f5 18. hxg7 Re8 19. P@h6 Bf6 20. Ng4 N@e2+ 21. Kh1 P@f3 22. B@h3 fxg2+ 
23. Bxg2 N@h4 24. P@e6 fxe6 25. dxe6 Rxe6 26. Qxd8+ Rxd8 27. Q@h8+ Kf7 28. g8=Q+ 
Rxg8 29. Qxg8+ Kxg8 30. Nxf6+ Rxf6 31. P@g7 Kf7 32. R@f8+ Kg6 33. g8=Q+ P@g7 
34. hxg7 Nxg7 35. Rxf6+ Kxf6 36. B@g5+ Ke5 37. R@e7+ Kd6 38. B@e5+ Kc5 39. Qd5+ 
Kb6 40. Bce3+ Ka6 41. Qc4+ b5 42. Bxc7 
{tantheman forfeits on time} 1-0

[Event "fics rated crazyhouse match"]
[Site "fics, Oklahoma City, OK USA"]
[Date "2000.12.05"]
[White "tantheman"]
[WhiteElo "2293"]
[Black "Bugzilla"]
[BlackElo "2241"]
[TimeControl "60+0"]
[Result "1-0"]

1. e4 Nf6 2. Nc3 Nc6 3. Nf3 d5 4. exd5 Nxd5 5. Nxd5 Qxd5 6. Be2 
e5 7. d3 Bc5 8. P@e4 Qd8 9. O-O O-O 10. Bg5 P@f6 11. Bh4 Bg4 
12. N@f5 Bxf5 13. exf5 N@f4 14. B@g3 Nxe2+ 15. Qxe2 N@d4 16. Nxd4 Nxd4 17. Qg4 
N@h6 18. Qh5 B@g4 19. Qxh6 gxh6 20. N@e3 Bxf5 21. Nxf5 Nxf5 22. N@h5 Nxh4 
23. Bxh4 P@g7 24. Nxg7 B@g5 25. Bxg5 fxg5 26. Nh5 N@e2+ 27. Kh1 f6 28. B@e6+ 
B@f7 29. Bxf7+ Rxf7 30. B@e6 B@g6 31. Bxf7+ Bxf7 32. B@f3 Nf4 33. Nxf4 exf4 
34. N@f5 B@f8 35. P@g7 Bxg7 36. Nxg7 P@g3 37. Nf5 gxh2 38. Nxh6+ Kh8 39. P@g7+ 
Kxg7 40. N@f5+ Kf8 41. B@g7+ Ke8 42. Nxf7 Kxf7 43. N@h6+ Kg6 44. B@f7# 
{Bugzilla checkmated} 1-0

[Event "fics rated crazyhouse match"]
[Site "fics, Oklahoma City, OK USA"]
[Date "2000.12.05"]
[White "Bugzilla"]
[WhiteElo "2234"]
[Black "tantheman"]
[BlackElo "2300"]
[TimeControl "60+0"]
[Result "1-0"]

1. e4 e6 2. Nc3 Nc6 3. d4 Nf6 4. e5 Nd5 5. Nxd5 exd5 6. Nf3 
d6 7. Bb5 Bd7 8. O-O Be7 9. N@f4 O-O 10. Nxd5 dxe5 11. dxe5 Nxe5 
12. Bxd7 Nxd7 13. P@g5 P@e6 14. Nxe7+ Qxe7 15. P@h6 N@f5 16. hxg7 Nxg7 17. P@h6 
Nf5 18. B@g7 Rfe8 19. B@f6 Qc5 20. Qxd7 N@e2+ 21. Kh1 Reb8 22. N@e4 Qb6 
23. Bd4 P@f6 24. Nxf6# 
{tantheman checkmated} 1-0

[Event "fics rated crazyhouse match"]
[Site "fics, Oklahoma City, OK USA"]
[Date "2000.12.05"]
[White "tantheman"]
[WhiteElo "2291"]
[Black "Bugzilla"]
[BlackElo "2243"]
[TimeControl "60+0"]
[Result "1-0"]

1. e4 Nf6 2. Nc3 Nc6 3. Nf3 d5 4. exd5 Nxd5 5. Nxd5 Qxd5 6. d3 
e5 7. Be2 Bc5 8. O-O O-O 9. P@h6 Re8 10. hxg7 P@f6 11. P@h6 N@f4 
12. N@e4 Bg4 13. Nxf6# 
{Bugzilla checkmated} 1-0

[Event "fics rated crazyhouse match"]
[Site "fics, Oklahoma City, OK USA"]
[Date "2000.12.05"]
[White "Bugzilla"]
[WhiteElo "2236"]
[Black "tantheman"]
[BlackElo "2298"]
[TimeControl "60+0"]
[Result "0-1"]

1. e4 e6 2. Nc3 Nc6 3. d4 Nf6 4. e5 Nd5 5. Nxd5 exd5 6. Nf3 
d6 7. Bb5 Bd7 8. O-O Be7 9. N@f4 O-O 10. Nxd5 dxe5 11. dxe5 Nxe5 
12. Bxd7 Nxd7 13. Nxe7+ Qxe7 14. P@g5 N@g4 15. P@h6 P@e2 16. hxg7 exd1=Q 17. Rxd1 
N@e2+ 18. Kf1 P@h3 19. gxh3 Q@h1+ 20. B@g1 Qxf3 21. gxf8=Q+ Rxf8 22. P@e3 Ng3+ 
23. Ke1 Qe2# 
{Bugzilla checkmated} 0-1

[Event "fics rated crazyhouse match"]
[Site "fics, Oklahoma City, OK USA"]
[Date "2000.12.05"]
[White "tantheman"]
[WhiteElo "2305"]
[Black "Bugzilla"]
[BlackElo "2229"]
[TimeControl "60+0"]
[Result "0-1"]

1. e4 Nf6 2. Nc3 Nc6 3. Nf3 d5 4. exd5 Nxd5 5. Nxd5 Qxd5 6. d3 
e5 7. P@e4 Qd8 8. Bg5 Be7 9. Bxe7 Nxe7 10. N@h5 B@f6 11. B@g5 Ng6 
12. Nxg7+ Bxg7 13. Bxd8 Kxd8 14. Q@d5+ P@d6 15. Qxf7 N@e6 16. P@f6 Bf8 17. P@g7 
B@e8 18. Qxf8 Rxf8 19. gxf8=Q Ngxf8 20. B@e7+ Kd7 21. Bxf8 Nxf8 22. R@e7+ Kd8 
23. N@f7+ Bxf7 24. Rxf7 Ng6 25. B@e7+ Ke8 26. Rg7 B@f4 27. Be2 P@g4 28. Rxg6 
gxf3 29. N@g7+ Kd7 30. Bxf3 N@h4 31. P@e6+ Kc6 32. Kf1 Nxf3 33. Qxf3 N@h4 
34. Qxf4 Kb6 35. N@b4 B@e2+ 36. Kxe2 exf4 37. Kd2 Ka5 38. Kc3 N@c4 39. Kb3 
Q@d2 40. Kxc4 Q@a4 41. Kd4 Qaxb4+ 42. Kd5 Nf5 43. e5 c6# 
{tantheman checkmated} 0-1

[Event "fics rated crazyhouse match"]
[Site "fics, Oklahoma City, OK USA"]
[Date "2000.12.05"]
[White "Bugzilla"]
[WhiteElo "2239"]
[Black "tantheman"]
[BlackElo "2295"]
[TimeControl "60+0"]
[Result "0-1"]

1. e3 e6 2. b3 b6 3. Bb2 Bb7 4. Nf3 Nf6 5. Be2 Be7 6. O-O 
O-O 7. d3 c5 8. Nbd2 d5 9. c4 Nbd7 10. cxd5 exd5 11. Ne5 Nxe5 
12. Bxe5 N@g6 13. d4 cxd4 14. exd4 P@e4 15. N@f5 P@d3 16. Bg4 Nxg4 17. Qxg4 
B@e2 18. Qh3 Bxf1 19. Bxg7 Bg5 20. Bxf8 Qxf8 21. P@g7 Qd8 22. P@h5 Bxg2 
23. hxg6 fxg6 24. R@h8+ Kf7 25. N@d6+ Ke6 26. Qxg2 P@f3 27. B@f7+ Kf6 28. Rxd8 
R@h1# 
{Bugzilla forfeits on time} 0-1

[Event "fics rated crazyhouse match"]
[Site "fics, Oklahoma City, OK USA"]
[Date "2000.12.05"]
[White "tantheman"]
[WhiteElo "2302"]
[Black "Bugzilla"]
[BlackElo "2232"]
[TimeControl "60+0"]
[Result "1-0"]

1. e4 Nf6 2. Nc3 Nc6 3. Nf3 d5 4. exd5 Nxd5 5. Nxd5 Qxd5 6. d4 
Bg4 7. N@f4 Qe4+ 8. Be2 e6 9. O-O Be7 10. P@h3 Bf5 11. Bd3 P@e2 
12. Bxe2 Qxc2 13. Qxc2 Bxc2 14. Be3 P@e4 15. Ne5 Nxe5 16. dxe5 N@h4 17. N@d4 
Bd3 18. Nxd3 exd3 19. Bxd3 c5 20. Q@b5+ Kf8 21. Nxe6+ fxe6 22. P@h6 N@f3+ 
23. Kh1 Rg8 24. hxg7+ Rxg7 25. B@h6 Nxg2 26. Bxg7+ Kg8 27. R@h8+ Kxg7 28. P@h6+ 
Kxh8 29. P@f7 
{Bugzilla forfeits on time} 1-0

[Event "fics rated crazyhouse match"]
[Site "fics, Oklahoma City, OK USA"]
[Date "2000.12.05"]
[White "Bugzilla"]
[WhiteElo "2226"]
[Black "tantheman"]
[BlackElo "2308"]
[TimeControl "60+0"]
[Result "1-0"]

1. e4 e6 2. Nc3 Nf6 3. e5 Nd5 4. Nxd5 exd5 5. d4 Nc6 6. Nf3 
d6 7. Bb5 Bd7 8. O-O Be7 9. N@f4 O-O 10. Nxd5 dxe5 11. Nxe7+ Qxe7 
12. dxe5 Nxe5 13. Bxd7 Nxf3+ 14. Qxf3 N@h4 15. Qg4 N@e5 16. Qxg7+ Kxg7 17. N@h5+ 
Kg8 18. B@f6 Qxd7 19. Bxh4 P@g7 20. P@h6 N@e2+ 21. Kh1 B@e7 22. hxg7 P@h6 
23. gxf8=Q+ Rxf8 24. Bxe7 P@g7 25. N@f6+ gxf6 26. Bxf8 Kh8 27. P@g7+ Kg8 28. R@h8# 
{tantheman checkmated} 1-0

[Event "fics rated crazyhouse match"]
[Site "fics, Oklahoma City, OK USA"]
[Date "2000.12.05"]
[White "tantheman"]
[WhiteElo "2298"]
[Black "Bugzilla"]
[BlackElo "2236"]
[TimeControl "60+0"]
[Result "1-0"]

1. e4 Nf6 2. Nc3 Nc6 3. Nf3 d5 4. exd5 Nxd5 5. Nxd5 Qxd5 6. d4 
P@e4 7. N@f4 Qd8 8. Ng5 e5 9. Nxf7 Kxf7 10. P@e6+ Bxe6 11. Nxe6 Kxe6 
12. Bc4+ P@d5 13. P@f5+ Kxf5 14. Qh5+ Ke6 15. Bxd5+ Kxd5 16. B@b3+ P@c4 17. Bxc4+ 
Kxc4 18. b3+ Kxd4 19. Be3+ Kc3 20. O-O N@e2+ 21. Qxe2 P@f3 22. Qc4+ Kb2 
23. Rfb1+ Ka3 24. P@b2# 
{Bugzilla checkmated} 1-0

[Event "fics rated crazyhouse match"]
[Site "fics, Oklahoma City, OK USA"]
[Date "2000.12.05"]
[White "Bugzilla"]
[WhiteElo "2229"]
[Black "tantheman"]
[BlackElo "2305"]
[TimeControl "60+0"]
[Result "0-1"]

1. e4 e6 2. Nc3 Nc6 3. d4 Nf6 4. e5 Nd5 5. Nxd5 exd5 6. Nf3 
d6 7. Bb5 Bd7 8. N@f4 Be7 9. Nxd5 dxe5 10. dxe5 Nxe5 11. Bxd7+ Nxd7 
12. O-O O-O 13. P@h6 B@f6 14. P@g5 N@e5 15. gxf6 Bxf6 16. Nxf6+ Qxf6 17. Nxe5 
Nxe5 18. B@g5 N@f3+ 19. gxf3 N@h3+ 20. Kh1 Nxg5 21. B@g2 P@h3 22. Bxh3 Nxh3 
23. P@g2 Qxh6 24. Bxh6 B@f6 25. N@h5 B@e7 26. N@f5 Nxf2+ 27. Rxf2 P@g3 28. Nxe7+ 
Kh8 29. Nxf6 Rg8 30. Nfxg8 Rxg8 31. Nxg8 N@f5 32. R@e8 gxh6 33. Nf6+ Kg7 
34. N@h5+ Kg6 
{Bugzilla forfeits on time} 0-1

[Event "fics rated crazyhouse match"]
[Site "fics, Oklahoma City, OK USA"]
[Date "2000.12.05"]
[White "tantheman"]
[WhiteElo "2311"]
[Black "Bugzilla"]
[BlackElo "2223"]
[TimeControl "60+0"]
[Result "0-1"]

1. e4 Nf6 2. Nc3 Nc6 3. Nf3 d5 4. exd5 Nxd5 5. d4 e6 6. Bd2 
Bb4 7. Bd3 P@a3 8. Nxd5 Bxd2+ 9. Qxd2 axb2 10. O-O exd5 11. Rae1+ P@e4 
12. Ne5 Nxe5 13. dxe5 exd3 14. N@f6+ Kf8 15. P@h6 gxh6 16. Qxh6+ P@g7 17. Qxg7+ 
Kxg7 18. N@h5+ Kh6 19. B@g7+ Kg6 20. Bxh8 N@h3+ 21. gxh3 N@f3+ 22. Kh1 B@g2+ 
23. Kxg2 Nh4+ 24. Kg3 Q@f3+ 25. Kxh4 Qxh3# 
{tantheman checkmated} 0-1

[Event "fics rated crazyhouse match"]
[Site "fics, Oklahoma City, OK USA"]
[Date "2000.12.05"]
[White "Bugzilla"]
[WhiteElo "2233"]
[Black "tantheman"]
[BlackElo "2301"]
[TimeControl "60+0"]
[Result "1-0"]

1. e4 e6 2. Nc3 Nc6 3. d4 Nf6 4. e5 Nd5 5. Nxd5 exd5 6. Nf3 
d6 7. Bb5 Bd7 8. O-O Be7 9. N@f4 O-O 10. Nxd5 dxe5 11. dxe5 Nxe5 
12. Nxe5 Bxb5 13. P@c4 B@e4 14. P@h6 gxh6 15. Bxh6 Bxd5 16. Qxd5 Qxd5 17. cxd5 
N@f5 18. P@g7 N@g6 19. Nxg6 fxg6 20. B@e6+ Rf7 21. Q@h8# 
{tantheman checkmated} 1-0

[Event "fics rated crazyhouse match"]
[Site "fics, Oklahoma City, OK USA"]
[Date "2000.12.05"]
[White "tantheman"]
[WhiteElo "2291"]
[Black "Bugzilla"]
[BlackElo "2243"]
[TimeControl "60+0"]
[Result "0-1"]

1. e4 Nc6 2. Nc3 Nf6 3. Nf3 e6 4. d4 Bb4 5. e5 Ne4 6. Bd2 
d5 7. Bd3 Nxd2 8. Qxd2 B@e4 9. N@g5 Bxf3 10. gxf3 Nxd4 11. B@h5 P@g6 
12. Bhxg6 hxg6 13. Bxg6 Qxg5 14. Bxf7+ Kxf7 15. Qxg5 Nxf3+ 16. Kd1 Nxg5 17. P@g6+ 
Kxg6 18. P@e2 P@g2 19. Rg1 Rxh2 20. P@f4 Q@f1+ 21. Rxf1 gxf1=Q+ 22. Q@e1 Qxe1+ 
23. Kxe1 Rh1+ 24. Kd2 N@c4+ 25. Kd3 P@e4+ 26. Kd4 B@c5# 
{tantheman checkmated} 0-1

[Event "fics rated crazyhouse match"]
[Site "fics, Oklahoma City, OK USA"]
[Date "2000.12.05"]
[White "Bugzilla"]
[WhiteElo "2252"]
[Black "tantheman"]
[BlackElo "2282"]
[TimeControl "60+0"]
[Result "0-1"]

1. e4 e6 2. Nc3 Nc6 3. d4 Nf6 4. e5 Nd5 5. Nxd5 exd5 6. Nf3 
d6 7. Bb5 Bd7 8. N@f4 N@b6 9. O-O Qe7 10. Bxc6 Bxc6 11. Re1 O-O-O 
12. N@f5 Qd7 13. e6 fxe6 14. Nxe6 B@e4 15. Nxd8 Qxd8 16. N5h4 Be7 17. P@g5 
P@g4 18. Rxe4 dxe4 19. B@f5+ Kb8 20. Bxg4 exf3 21. Bxf3 Bxf3 22. Nxf3 B@c6 
23. B@g4 h6 24. gxh6 gxh6 25. P@g7 Rg8 26. R@h8 Rxh8 27. gxh8=Q Qxh8 28. P@g7 
Qxg7 29. P@c5 Qxg4 30. R@g3 Qd7 31. cxb6 axb6 32. Rg8+ B@c8 33. d5 Bb5 
34. c4 Bxc4 35. Bxh6 P@e2 36. Qe1 R@f1+ 37. Qxf1 exf1=Q# 
{Bugzilla forfeits on time} 0-1

[Event "fics rated crazyhouse match"]
[Site "fics, Oklahoma City, OK USA"]
[Date "2000.12.05"]
[White "tantheman"]
[WhiteElo "2289"]
[Black "Bugzilla"]
[BlackElo "2245"]
[TimeControl "60+0"]
[Result "1-0"]

1. e3 Nf6 2. b3 Nc6 3. Bb2 e5 4. Nf3 Bd6 5. Be2 O-O 6. d3 
b6 7. Nbd2 Bb7 8. O-O Re8 9. Ne4 Be7 10. Nxf6+ Bxf6 11. N@h5 d6 
12. Nxf6+ Qxf6 13. B@h4 Qe6 14. Ng5 Qd7 15. Bg4 f5 16. Bxf5 Qxf5 17. Qh5 
B@g6 18. P@f7+ Bxf7 19. Qxf7+ Qxf7 20. Nxf7 Kxf7 21. Q@f5+ P@f6 22. Qxh7 N@g6 
23. B@h5 N@f8 24. Bxg6+ Nxg6 25. N@h6+ Ke6 26. Qxg6 gxh6 27. Qxf6+ Kd7 28. P@f7 
Re6 29. Qg7 N@f5 30. f8=N+ Ke8 31. P@d7# 
{Bugzilla checkmated} 1-0

[Event "fics rated crazyhouse match"]
[Site "fics, Oklahoma City, OK USA"]
[Date "2000.12.05"]
[White "Bugzilla"]
[WhiteElo "2238"]
[Black "tantheman"]
[BlackElo "2296"]
[TimeControl "60+0"]
[Result "0-1"]

1. e4 e6 2. Nc3 Nc6 3. d4 Nf6 4. e5 Nd5 5. Nxd5 exd5 6. Nf3 
d6 7. Bb5 Bd7 8. N@f4 N@b6 9. O-O Qe7 10. Nh5 O-O-O 11. Bg5 Qe6 
12. Bxd8 Nxd8 13. Bxd7+ Qxd7 14. B@h3 B@e6 15. Bxe6 fxe6 16. a4 B@g4 17. Nf4 
B@e4 18. B@e2 Bgxf3 19. Bxf3 Bxf3 20. Qxf3 B@e4 21. Qe2 g5 22. Nh5 N@f4 
23. Nxf4 gxf4 24. f3 Bxc2 25. Qxc2 N@e3 26. Qe2 Rg8 27. a5 Rxg2+ 28. Qxg2 
Nxg2 29. axb6 cxb6 30. R@a8+ Kc7 31. B@b8+ Kc6 32. B@e2 P@b5 33. Bxb5+ Kxb5 
34. N@c3+ Kc4 35. B@b5+ Kxd4 36. R@a4+ Kxe5 
{Bugzilla forfeits on time} 0-1

[Event "fics rated crazyhouse match"]
[Site "fics, Oklahoma City, OK USA"]
[Date "2000.12.05"]
[White "tantheman"]
[WhiteElo "2303"]
[Black "Bugzilla"]
[BlackElo "2231"]
[TimeControl "60+0"]
[Result "0-1"]

1. e4 Nf6 2. Nc3 Nc6 3. Nf3 d5 4. exd5 Nxd5 5. Nxd5 Qxd5 6. d4 
e5 7. Be2 Bb4+ 8. P@c3 Be7 9. O-O P@h3 10. gxh3 Bxh3 11. N@e3 Qd7 
12. P@g2 Bxg2 13. Nxg2 e4 14. Ne5 Nxe5 15. Bf4 P@f3 16. Bxe5 fxg2 17. B@e3 
N@h4 18. N@f4 N@f3+ 19. Bxf3 Nxf3+ 20. Kxg2 N@h4+ 21. Kh1 B@h3 22. P@g2 Nxg2 
23. Nxg2 Bxg2+ 24. Kxg2 P@h3+ 25. Kg3 N@h5# 
{tantheman checkmated} 0-1

[Event "fics rated crazyhouse match"]
[Site "fics, Oklahoma City, OK USA"]
[Date "2000.12.05"]
[White "Bugzilla"]
[WhiteElo "2241"]
[Black "tantheman"]
[BlackElo "2293"]
[TimeControl "60+0"]
[Result "1-0"]

1. e4 e6 2. Nc3 Nc6 3. d4 Nf6 4. e5 Nd5 5. Nxd5 exd5 6. Nf3 
d6 7. Bb5 Bd7 8. N@f4 N@b6 9. O-O Qe7 10. a4 O-O-O 11. a5 Nc4 
12. Nxd5 Nxb2 13. Nxe7+ Bxe7 14. Q@a8+ N@b8 15. a6 Rdg8 16. axb7+ Kd8 17. Bxb2 
P@g4 18. Bxc6 Bxc6 19. Qxb8+ Kd7 20. d5 Bxd5 21. Qxd5 B@c6 22. Qxf7 P@e6 
23. Qbxg8 Rxg8 24. Qxg8 Bxb7 25. N@b8# 
{tantheman checkmated} 1-0

[Event "fics rated crazyhouse match"]
[Site "fics, Oklahoma City, OK USA"]
[Date "2000.12.05"]
[White "tantheman"]
[WhiteElo "2284"]
[Black "Bugzilla"]
[BlackElo "2250"]
[TimeControl "60+0"]
[Result "0-1"]

1. e4 Nf6 2. Nc3 Nc6 3. Nf3 d5 4. exd5 Nxd5 5. d4 e6 6. Bd3 
Bb4 7. Bd2 P@a3 8. Nxd5 Bxd2+ 9. Qxd2 exd5 10. bxa3 N@e4 11. Bxe4 dxe4 
12. B@h4 B@e7 13. Bxe7 Qxe7 14. B@h4 f6 15. N@d5 exf3+ 16. Nxe7 fxg2 17. O-O-O 
gxh1=Q 18. Rxh1 P@b2+ 19. Kb1 N@c4 20. P@f7+ Kxf7 21. N@b3 Nxd2+ 22. Kxb2 Nc4+ 
23. Kc3 B@b2+ 24. Kxc4 Q@c3+ 25. Kd5 Be6+ 26. Ke4 B@f3+ 27. Kf4 R@g4# 
{tantheman checkmated} 0-1

[Event "fics rated crazyhouse match"]
[Site "fics, Oklahoma City, OK USA"]
[Date "2000.12.05"]
[White "Bugzilla"]
[WhiteElo "2259"]
[Black "tantheman"]
[BlackElo "2275"]
[TimeControl "60+0"]
[Result "0-1"]

1. e4 e6 2. Nc3 Nc6 3. d4 Nf6 4. e5 Nd5 5. Nxd5 exd5 6. Nf3 
d6 7. Bb5 Bd7 8. N@f4 N@b6 9. O-O Qe7 10. a4 a5 11. Bxc6 Bxc6 
12. N@f5 Qd7 13. exd6 Qxf5 14. dxc7 Bd6 15. P@c5 Bxf4 16. Bxf4 Qxf4 17. B@g3 
Qf5 18. cxb6 B@b4 19. P@c5 B@e7 20. Qe2 N@e4 21. Ne5 O-O 22. Nxc6 bxc6 
23. b7 Nxg3 24. fxg3 Qe4 25. Qxe4 dxe4 26. bxa8=Q B@e3+ 27. B@f2 N@e2+ 28. Kh1 
Rxa8 29. R@b8+ Rxb8 30. cxb8=Q+ R@f8 31. Qxf8+ Bxf8 32. N@h6+ gxh6 
{Bugzilla forfeits on time} 0-1

[Event "fics rated crazyhouse match"]
[Site "fics, Oklahoma City, OK USA"]
[Date "2000.12.05"]
[White "tantheman"]
[WhiteElo "2283"]
[Black "Bugzilla"]
[BlackElo "2251"]
[TimeControl "60+0"]
[Result "0-1"]

1. e4 Nf6 2. Nc3 Nc6 3. Nf3 d5 4. exd5 Nxd5 5. Nxd5 Qxd5 6. d4 
e5 7. P@c4 Bb4+ 8. N@c3 Qe4+ 9. Be2 Nxd4 10. Nxd4 exd4 11. O-O dxc3 
12. bxc3 Bxc3 13. Bf3 Qe7 14. Be3 Bxa1 15. Qxa1 N@h4 16. Qxg7 R@g8 17. N@f6+ 
Qxf6 18. Qxf6 Nxf3+ 19. Kh1 B@e7 20. Qxf3 N@e5 21. B@a4+ P@c6 22. Qf4 P@f3 
23. N@e1 P@e2 24. Qxe5 exf1=Q+ 25. N@g1 fxg2+ 26. Nxg2 Qxg2# 
{tantheman checkmated} 0-1

[Event "fics rated crazyhouse match"]
[Site "fics, Oklahoma City, OK USA"]
[Date "2000.12.05"]
[White "fermy"]
[WhiteElo "2285"]
[Black "SuperGrover"]
[BlackElo "2249"]
[TimeControl "60+0"]
[Result "1-0"]

1. e4 Nc6 2. Nc3 e6 3. d4 g6 4. e5 Bg7 5. h4 h5 6. Nf3 
Nge7 7. Bg5 O-O 8. Bxe7 Qxe7 9. Bb5 f5 10. exf6 Qxf6 11. Bxc6 dxc6 
12. N@g5 P@h6 13. P@h7+ Kh8 14. N@f7+ Rxf7 15. Nxf7+ Qxf7 16. Ne5 Bxe5 17. dxe5 
Kxh7 18. B@f6 P@g7 19. Bxg7 Kxg7 20. P@f6+ Kh8 21. Qd8+ B@e8 22. R@g7 B@d2+ 
23. Qxd2 Qf8 24. B@e7 B@f4 25. Qxf4 N@f5 26. Bxf8 Bcd7 27. Q@g8# 
{SuperGrover checkmated} 1-0